 Dungeon Crawl Stone Soup version 0.20-a0-920-gb18bc0f (webtiles) character file.

295515 seren the Warrior (level 20, -4/193 HPs)
             Began as a White Draconian Transmuter on Mar 18, 2017.
             Was a High Priest of Wu Jian.
             Slain by a vampiric glaive (31 damage)
             ... on level 2 of the Elven Halls on Mar 25, 2017.
             The game lasted 07:09:52 (57187 turns).

seren the Warrior (White Draconian Transmuter)     Turns: 57187, Time: 07:09:53

Health: -4/193     AC: 17    Str: 20    XL:     20   Next: 6%
Magic:  34/34      EV: 28    Int: 18    God:    Wu Jian [*****.]
Gold:   1629       SH:  0    Dex: 23    Spells: 14/39 levels left

rFire    + . .     SeeInvis +     - Unarmed
rCold    + . .     Gourm    .   (no shield)
rNeg     . . .     Faith    .   (armour unavailable)
rPois    .         Spirit   .   (helmet restricted)
rElec    +         Reflect  .   I - +2 cloak
rCorr    .         Harm     .   C - +2 pair of gloves
MR       +++..                  F - +0 pair of boots of Going Fast {Dex+7}
Stlth    ++........             j - amulet of regeneration
Regen    0.9/turn               J - ring "Livanoerr" {+Inv rElec MR+ Str+4 Int+3}
MPRegen  0.3/turn               V - ring of see invisible

@: lethally poisoned (-4 -> -41)
A: breathe frost, unfitting armour, blurry vision 1, cold resistance 1, fire
resistance 1, magic resistance 1, electricity resistance, cold-blooded, AC +10
}: 2/15 runes: serpentine, barnacled
a: Breathe Frost, Serpent's Lash, Heaven On Earth, Renounce Religion, Evoke
Invisibility


You were on level 2 of the Elven Halls.
You worshipped Wu Jian.
Wu Jian was extremely pleased with you.
You were not hungry.

You visited 8 branches of the dungeon, and saw 36 of its levels.
You visited 1 bazaar.
You also visited: Ice Cave.

You collected 3119 gold pieces.
You spent 1490 gold pieces at shops.

Inventory:

Hand Weapons
 q - the +8 shortbow of Wucisyex {venom, rPois}
   (You bought it in a shop on level 8 of the Dungeon)

   It poisons the ammo it fires.
   It protects you from poison.
 z - a +0 antimagic halberd
Missiles
 a - 1271 arrows
 e - 90 javelins (quivered)
 A - 8 throwing nets
Armour
 C - a +2 pair of gloves (worn)
 F - the +0 pair of boots of Going Fast (worn) {Dex+7}
   (You bought it in a shop in a bazaar)

   It affects your dexterity (+7).
 I - a +2 cloak (worn)
 R - a +0 buckler
Jewellery
 b - a +3 ring of strength
 d - an uncursed ring of ice
 h - the ring of the Serpent {+Inv rElec rF+}
   (You bought it in a shop in a bazaar)

   [ring of protection from fire]

   It protects you from fire.
   It insulates you from electricity.
   It lets you turn invisible.
 j - an amulet of regeneration (around neck)
 x - the ring "Noekhuel" {rN+ Stlth+}
   (You took it off a merfolk javelineer on level 4 of the Shoals)

   [ring of positive energy]

   It protects you from negative energy.
   It makes you more stealthy.
 J - the ring "Livanoerr" (left hand) {+Inv rElec MR+ Str+4 Int+3}
   (You took it off a deep elf knight on level 1 of the Elven Halls)

   [ring of protection from magic]

   It affects your strength (+4).
   It affects your intelligence (+3).
   It insulates you from electricity.
   It affects your resistance to hostile enchantments.
   It lets you turn invisible.
 O - an uncursed ring of poison resistance
 V - a ring of see invisible (right hand)
Wands
 i - a wand of polymorph (3/24)
 k - a wand of clouds (6/9)
 p - a wand of enslavement (7/24)
 D - a wand of disintegration (5/24)
 M - a wand of lightning (3/15)
 Z - a wand of scattershot (1/9)
Scrolls
 m - 10 scrolls of teleportation
 o - 3 scrolls of blinking
 r - 4 scrolls of fog
 y - 2 scrolls of amnesia
 E - 6 scrolls of identify
 G - 11 scrolls of remove curse
 K - 3 scrolls of magic mapping
 U - 2 scrolls of fear
Potions
 f - 2 potions of ambrosia
 g - 4 potions of lignification
 s - a potion of magic
 u - 5 potions of curing
 B - a potion of might
 H - 4 potions of invisibility
 N - 2 potions of haste
 Q - a potion of berserk rage
 S - a potion of brilliance
 T - 2 potions of cancellation
 W - a potion of agility
Books
 n - a book of Geomancy

   Spells                             Type                      Level
   a - Sandblast                      Earth                        1
   b - Passwall                       Transmutation/Earth          2
   c - Stone Arrow                    Conjuration/Earth            3
   d - Petrify                        Transmutation/Earth          4
   e - Lee's Rapid Deconstruction     Earth                        5
 t - Cosoisoe's Reference Book on Supportive Attacks
   (You found it on level 1 of the Elven Halls)

   Spells                             Type                      Level
   a - Shock                          Conjuration/Air              1
   b - Summon Small Mammal            Summoning                    1
   c - Dazzling Spray                 Conjuration/Hexes            3
   d - Lightning Bolt                 Conjuration/Air              5
   e - Freezing Cloud                 Conjuration/Ice/Air          6
 Y - a book of Beasts

   Spells                             Type                      Level
   a - Summon Butterflies             Summoning                    1
   b - Call Canine Familiar           Summoning                    3
   c - Summon Ice Beast               Ice/Summoning                4
   d - Summon Mana Viper              Hexes/Summoning              5
   e - Summon Hydra                   Summoning                    7
Miscellaneous
 w - a fan of gales
 L - a lamp of fire
 X - a lightning rod (2/4)
Comestibles
 c - 4 bread rations
 l - a royal jelly
 v - 15 meat rations
 P - 11 chunks of flesh


   Skills:
 - Level 20.0 Fighting
 - Level 10.3 Bows
 - Level 16.0 Dodging
 - Level 18.0 Unarmed Combat
 + Level 10.1 Spellcasting
 - Level 10.6 Transmutations
 - Level 5.0 Evocations


You had 14 spell levels left.
You knew the following spells:

 Your Spells              Type           Power        Failure   Level  Hunger
a - Beastly Appendage     Tmut           #####.       1%          1    None
b - Blink                 Tloc           N/A          12%         2    None
c - Blade Hands           Tmut           #####.....   2%          5    #####..
d - Spider Form           Tmut/Pois      ####......   2%          3    None
e - Sticks to Snakes      Tmut           #####...     1%          2    None
i - Ice Form              Ice/Tmut       ####....     12%         4    ###....
p - Passwall              Tmut/Erth      ####......   1%          2    None
s - Statue Form           Tmut/Erth      ####.....    98%         6    ######.


Dungeon Overview and Level Annotations

Branches:
Dungeon (15/15)            Temple (1/1) D:6            Lair (6/6) D:8
 Shoals (4/4) Lair:2        Snake (4/4) Lair:2        Slime (0/5) Lair:5
    Orc (2/2) D:12            Elf (3/3) Orc:2        Vaults (1/5) D:13
 Depths (0/5) D:15

Altars:
Ashenzari
Cheibriados
Dithmenos
Elyvilon
Fedhas
Gozag
Hepliaklqana
Kikubaaqudgha
Makhleb
Nemelex Xobeh
Okawaru
Qazlal
Ru
Sif Muna
Trog
Uskayaw
Vehumet
Wu Jian
Xom
Yredelemnul
Zin
The Shining One

Shops:
D:8 ([   D:12 *   Orc:1 *(   Orc:2 %*:[   Elf:2 ?(   Shoals:4 %

Portals:
Pandemonium: Orc:2

Annotations:
D:9 exclusion: 3 wights
D:11 Psyche
Lair:1 exclusion: downstairs
Shoals:4 runed door
Elf:2 exclusions: unseen horror and 1 more exclusion


Innate Abilities, Weirdness & Mutations

You can breathe waves of freezing cold.
You can buffet flying creatures when you breathe cold.
Your icy white scales are hard. (AC +10)
You cannot fit into any form of body armour.
Your flesh is cold resistant. (rC+)
You are cold-blooded and may be slowed by cold attacks.
Scrolls take you a little longer to read.
Your flesh is heat resistant. (rF+)
You are resistant to hostile enchantments. (MR+)
You are resistant to electric shocks. (rElec)


Message History

You feel sick. The trident of venom hits you.
You are more poisoned.
You hit the vampiric glaive.
Your tail-slap misses the vampiric glaive.
The vampiric glaive is moderately damaged.
You feel sick. The vampiric glaive barely misses you.
The trident of venom completely misses you.
You hit the vampiric glaive but do no damage.
The vampiric glaive is moderately damaged.
You feel sick.
The trident of venom completely misses you.
The vampiric glaive hits you!!
* * * LOW HITPOINT WARNING * * *
The vampiric glaive draws strength from your wounds!
You feel very sick.
The trident of venom hits you from afar!
* * * LOW HITPOINT WARNING * * *
You are lethally poisoned!
The vampiric glaive hits you from afar!!
You die...

.####...##...###'......##
.##.#####...## ##.....##
.##.........# #.....##
...........## #......##
.#.......### ##......#
########## ## ##.....#
##.# ##.....##
..##...##.....##
......()@.....#
...............#
........(#......#
........###....##
.......## ##..## .......
..# ....... ...# .......
.. .......


You could see 2 dancing weapons.

Vanquished Creatures
  A kraken (Shoals:4)
  Roxanne (Shoals:2)
  Ilsuiw (Shoals:4)
  10 nagarajas
  2 frost giants
  3 deep elf sorcerers (Elf:1)
  Louise (Elf:1)
  An orc warlord (D:12)
  A stone giant (Shoals:3)
  A deep elf annihilator (Elf:2)
  The ghost of dvd the Eclecticist, a journeyman DEFE of Vehumet (D:11)
  6 merfolk javelineers
  9 merfolk impalers
  Josephine (D:14)
  The ghost of derval the Earth Mage, a journeyman GrEE of Vehumet (Lair:4)
  7 hydras
  Fannar (D:11)
  7 naga warriors
  An ice dragon (Shoals:1)
  5 alligator snapping turtles
  The ghost of Voxish the Covert, a journeyman KoCK of Xom (Lair:1)
  11 anacondas
  4 merfolk avatars
  2 ogre magi
  22 dancing weapons
  6 merfolk aquamancers
  12 two-headed ogres
  A centaur warrior (D:13)
  3 satyrs
  5 death yaks
  A tengu warrior (D:14)
  8 orc high priests (Orc:2)
  Urug (Lair:4)
  18 naga sharpshooters
  4 shock serpents
  A sun demon (Orc:2)
  12 deep elf knights
  A salamander mystic (Snake:3)
  2 skeletal warriors (D:15)
  A sixfirhy (Orc:2)
  19 sea snakes
  4 torturous demonspawn (Orc:2)
  2 phantasmal warriors
  16 deep elf archers
  A wizard (D:14)
  10 naga ritualists
  A shambling mangrove (Lair:5)
  6 orc knights (Orc:2)
  A wolf spider zombie (D:15)
  28 harpies
  A necromancer (D:15)
  8 orc sorcerers
  4 oklob plants
  A tengu skeleton (D:15)
  12 mana vipers
  42 deep elf magi
  19 ugly things
  18 fauns
  13 cyclopes
  A stone giant zombie (D:15)
  16 manticores
  2 salamanders
  13 elephants
  13 merfolk sirens
  46 black mambas
  6 guardian serpents
  2 ice statues (IceCv)
  A gargoyle (D:15)
  Maurice (Orc:2)
  13 naga magi
  12 water nymphs
  26 spiny frogs
  A freezing wraith (D:15)
  8 komodo dragons
  A tengu conjurer (D:14)
  2 yaktaur zombies (D:15)
  14 ice devils
  5 rime drakes
  8 trolls
  4 red devils (D:12)
  38 merfolk
  A queen bee (shapeshifter) (D:14)
  4 polar bears
  4 hornets
  4 tyrant leeches (Lair:6)
  8 slime creatures
  Prince Ribbit (D:5)
  5 wind drakes
  A harpy skeleton (D:14)
  10 hippogriffs
  7 dream sheep
  29 blink frogs
  8 snapping turtles
  3 wyverns
  Sigmund (D:6)
  3 shadows
  6 wraiths
  35 yaks
  A vampire (D:13)
  6 basilisks
  An air elemental (Elf:3)
  A ynoxinul (Orc:2)
  9 water elementals
  6 fire elementals
  2 chaos spawn (Orc:2)
  5 hungry ghosts
  2 steam dragons
  6 vampire mosquitoes
  Menkaure (D:7)
  Edmund (D:4)
  4 acid dragons
  44 nagas
  6 wargs
  A soldier ant (D:12)
  12 water moccasins
  Duvessa (D:6)
  2 porcupines (Lair:5)
  The ghost of pedritolo the Ruffian, an amateur TrMo (D:3)
  3 sky beasts
  4 phantoms
  33 orc warriors
  5 ice beasts
  4 black bears
  14 ogres
  3 necrophages
  An eye of draining (D:15)
  22 wolves
  4 boggarts
  28 centaurs
  15 crocodiles
  3 big kobolds
  Blork the orc (D:5)
  31 bullfrogs
  An ogre simulacrum (Vaults:1)
  An earth elemental (Elf:2)
  5 scorpions
  Dowan (D:6)
  21 killer bees
  8 wights
  13 howler monkeys
  An electric eel (Lair:6)
  14 crimson imps
  3 centaur zombies
  3 human zombies (D:8)
  A bullfrog zombie (D:8)
  10 jellies
  2 quasits
  9 hounds
  Crazy Yiuf (D:6)
  28 orc priests
  31 orc wizards
  5 bullfrog skeletons
  Jessica (D:2)
  4 centaur skeletons
  5 iguanas
  2 human skeletons (D:8)
  5 hell rats (Lair:3)
  16 worker ants
  A hound zombie (D:10)
  2 hound skeletons
  2 worker ant zombies
  17 adders
  4 gnolls (D:2)
  A howler monkey skeleton (D:4)
  5 shadow imps
  3 white imps (IceCv)
  5 ufetubi (IceCv)
  An ooze (D:5)
  An adder skeleton (D:8)
  2 worms (D:2)
  A dart slug (D:3)
  8 leopard geckos
  94 orcs
  7 giant cockroaches
  9 goblins
  9 hobgoblins
  4 jackals
  14 quokkas
  A ball python (D:1)
  6 bats
  5 frilled lizards
  A jackal skeleton (D:9)
  13 kobolds
  A leopard gecko skeleton (D:4)
  A leopard gecko zombie (D:8)
  An orc zombie (D:8)
  A quokka zombie (D:5)
  7 rats
  A bush (Lair:5)
  9 fungi
  23 plants
  3 tentacles (Shoals:4)
1483 creatures vanquished.

Vanquished Creatures (collateral kills)
  An unseen horror (D:12)
1 creature vanquished.

Vanquished Creatures (others)
  2 deep elf magi
  5 white imps (IceCv)
  4 ufetubi (IceCv)
  29 fungi
  68 plants
  6 tentacles (Shoals:4)
114 creatures vanquished.

Grand Total: 1598 creatures vanquished

Notes
Turn   | Place    | Note
-------+----------+-------------------------------------------
     0 | D:1      | seren the Draconian Transmuter began the quest for the Orb.
     0 | D:1      | Reached XP level 1. HP: 16/16 MP: 3/3
   217 | D:1      | Reached XP level 2. HP: 11/23 MP: 5/5
  1115 | D:2      | Learned a level 2 spell: Sticks to Snakes
  1130 | D:2      | Reached XP level 3. HP: 25/28 MP: 6/6
  1213 | D:2      | Noticed Jessica
  1224 | D:2      | Killed Jessica
  1470 | D:2      | Reached XP level 4. HP: 22/35 MP: 7/7
  1809 | D:2      | Reached skill level 2 in Fighting
  1884 | D:2      | Found a radiant altar of Vehumet.
  1884 | D:2      | Found a blossoming altar of Fedhas.
  1888 | D:2      | Found a glowing golden altar of the Shining One.
  1890 | D:2      | Found a shadowy altar of Dithmenos.
  1896 | D:2      | Found a burning altar of Makhleb.
  1924 | D:3      | Noticed pedritolo's ghost (amateur TrMo)
  2093 | D:3      | Reached XP level 5. HP: 36/42 MP: 8/8
  2279 | D:3      | Noticed an orc warrior
  2592 | D:4      | Reached skill level 5 in Unarmed Combat
  2602 | D:4      | Learned a level 5 spell: Blade Hands
  3316 | D:4      | Reached XP level 6. HP: 35/50 MP: 7/9
  3509 | D:4      | Found an ancient bone altar of Kikubaaqudgha.
  3643 | D:5      | Entered Level 5 of the Dungeon
  3676 | D:5      | Noticed a sky beast
  3686 | D:5      | Killed a sky beast
  3717 | D:5      | Your scales start taking on an icy white colour.
  3717 | D:5      | Reached XP level 7. HP: 51/56 MP: 8/10
  3717 | D:5      | Gained mutation: Your flesh is cold resistant. (rC+) [White Draconian growth]
  3812 | D:5      | Noticed Prince Ribbit
  3835 | D:5      | Killed Prince Ribbit
  3976 | D:3      | Killed pedritolo's ghost
  4156 | D:3      | Reached XP level 8. HP: 62/62 MP: 11/11
  4687 | D:5      | Noticed Blork the orc
  4694 | D:5      | Killed Blork the orc
  5111 | D:5      | Noticed Edmund
  5140 | D:5      | Upgraded the game from 0.20-a0-899-g09a9bfb to 0.20-a0-901-g27f6fa8
  5156 | D:4      | Reached skill level 10 in Unarmed Combat
  5169 | D:5      | Reached skill level 5 in Dodging
  5358 | D:4      | Killed Edmund
  5361 | D:4      | Reached XP level 9. HP: 68/68 MP: 12/12
  5716 | D:6      | Found a snail-covered altar of Cheibriados.
  5863 | D:6      | Noticed Sigmund
  6333 | D:6      | Killed Sigmund
  6333 | D:6      | Reached skill level 5 in Transmutations
  6454 | D:6      | Noticed Duvessa
  6523 | D:6      | Noticed Dowan
  7361 | D:7      | Found a shattered altar of Ashenzari.
  7663 | D:6      | Killed Dowan
  7697 | D:6      | Found a runed door.
  8118 | D:7      | Noticed Menkaure
  8130 | D:7      | HP: 2/68 [killer bee (8)]
  8545 | D:6      | Killed Duvessa
  8545 | D:6      | Reached XP level 10. HP: 74/74 MP: 13/13
  8594 | D:6      | Found a staircase to the Ecumenical Temple.
  8631 | Temple   | Entered the Ecumenical Temple
  8677 | Temple   | Became a worshipper of the Wu Jian Council
  8910 | D:6      | Noticed Crazy Yiuf
  8926 | D:6      | Killed Crazy Yiuf
  9157 | D:8      | Found a hazy altar of Hepliaklqana.
  9431 | D:8      | Found Noddu's Antique Weapon Emporium.
  9623 | D:8      | Found Rupem's Antique Armour Boutique.
 10172 | D:8      | Reached * piety under Wu Jian
 10187 | D:8      | Reached skill level 3 in Fighting
 10188 | D:8      | Found an ancient bone altar of Kikubaaqudgha.
 10260 | D:8      | Reached skill level 4 in Fighting
 10593 | D:9      | Reached skill level 5 in Fighting
 10612 | D:9      | Noticed a two-headed ogre
 10703 | D:8      | Noticed a two-headed ogre
 10736 | D:9      | Reached skill level 10 in Transmutations
 11181 | D:9      | You fall through a shaft for 3 floors!
 11207 | D:12     | Reached ** piety under Wu Jian
 11236 | D:12     | Noticed a two-headed ogre
 11308 | D:12     | Reached skill level 6 in Fighting
 11350 | D:12     | Killed an unseen horror
 11748 | D:12     | Found a staircase to the Orcish Mines.
 11819 | D:12     | Found Nionkij's General Store.
 11851 | D:11     | Noticed dvd's ghost (journeyman DEFE)
 11887 | D:12     | Bought a scroll of fog for 34 gold pieces
 11887 | D:12     | Bought a potion of heal wounds for 85 gold pieces
 11887 | D:12     | Bought a scroll of teleportation for 51 gold pieces
 11920 | D:12     | Reached skill level 7 in Fighting
 11920 | D:12     | Reached XP level 11. HP: 50/92 MP: 10/14
 12272 | D:11     | Noticed a two-headed ogre
 12354 | D:11     | Noticed a green ugly thing
 12372 | D:10     | Entered Level 10 of the Dungeon
 12393 | D:9      | Found a basalt altar of Yredelemnul.
 13069 | D:8      | Killed a two-headed ogre
 13419 | D:7      | Killed Menkaure
 13700 | D:8      | Reached skill level 8 in Fighting
 13847 | D:8      | Killed a two-headed ogre
 13847 | D:8      | Reached *** piety under Wu Jian
 13847 | D:8      | Reached skill level 9 in Fighting
 14050 | D:8      | Found a staircase to the Lair.
 14080 | Lair:1   | Entered Level 1 of the Lair of Beasts
 14436 | Lair:1   | Reached skill level 10 in Fighting
 14591 | Lair:1   | Noticed Voxish's ghost (journeyman KoCK)
 14675 | Lair:1   | Killed Voxish's ghost
 15169 | Lair:1   | Learned a level 3 spell: Spider Form
 15354 | Lair:1   | Reached skill level 5 in Spellcasting
 15967 | Lair:1   | Upgraded the game from 0.20-a0-901-g27f6fa8 to 0.20-a0-903-g7e3609c
 16014 | Lair:1   | Reached XP level 12. HP: 97/106 MP: 21/21
 16420 | Lair:2   | Noticed an eight-headed hydra
 16644 | Lair:2   | Found a staircase to the Shoals.
 16825 | Lair:2   | Found a staircase to the Snake Pit.
 16938 | Lair:3   | Noticed a death yak
 16939 | Lair:3   | Noticed a death yak
 16940 | Lair:3   | Noticed a death yak
 16940 | Lair:3   | Noticed a death yak
 17383 | Lair:4   | Reached **** piety under Wu Jian
 17390 | Lair:4   | Noticed derval's ghost (journeyman GrEE)
 17677 | Lair:4   | Noticed Urug
 17687 | Lair:4   | Killed Urug
 19132 | Lair:5   | Found a staircase to the Slime Pits.
 19435 | Lair:5   | Noticed a four-headed hydra
 19623 | Lair:5   | Noticed a seven-headed hydra
 19663 | Lair:5   | Killed a seven-headed hydra
 19663 | Lair:5   | Reached XP level 13. HP: 14/113 MP: 21/24
 20104 | Lair:6   | Entered Level 6 of the Lair of Beasts
 21136 | Lair:5   | Reached ***** piety under Wu Jian
 21767 | Lair:6   | Reached skill level 15 in Unarmed Combat
 22442 | Lair:6   | Reached skill level 10 in Dodging
 22519 | Lair:6   | Reached skill level 11 in Fighting
 22693 | Lair:6   | Reached XP level 14. HP: 100/124 MP: 23/25
 23078 | Lair:6   | Learned a level 6 spell: Statue Form
 23216 | Lair:6   | Reached ****** piety under Wu Jian
 24214 | Lair:3   | Reached skill level 12 in Fighting
 25455 | D:11     | Noticed Psyche
 25455 | D:11     | Killed dvd's ghost
 25577 | D:11     | Noticed Fannar
 25589 | D:11     | Killed Fannar
 26756 | D:12     | Upgraded the game from 0.20-a0-903-g7e3609c to 0.20-a0-909-g1a4ba80
 27430 | Orc:1    | Entered Level 1 of the Orcish Mines
 27435 | Orc:1    | Noticed an orc warlord
 27610 | D:8      | Bought a smoking shortbow for 272 gold pieces
 27610 | D:8      | Identified the +8 shortbow of Wucisyex {venom, rPois} (You bought it in a shop on level 8 of the Dungeon)
 27819 | D:13     | Found a gate to the Vaults.
 27868 | D:13     | Found a flickering gateway to a bazaar.
 27873 | Bazaar   | Entered a bazaar
 27935 | Bazaar   | Found Ydwi's Distillery.
 27935 | Bazaar   | Found Duta's Antique Armour Shoppe.
 27948 | Bazaar   | Found Paugozen's Gadget Emporium.
 27948 | Bazaar   | Found Soutis's Jewellery Shoppe.
 28023 | Bazaar   | Found Fikupn's Magic Scroll Emporium.
 28081 | Bazaar   | Bought the ring of the Serpent {+Inv rElec rF+} for 414 gold pieces
 28095 | Bazaar   | Bought a pair of spiked boots for 294 gold pieces
 28105 | Bazaar   | Identified the cursed +0 pair of boots of Going Fast {Dex+7} (You bought it in a shop in a bazaar)
 28151 | Bazaar   | Bought a scroll of teleportation for 30 gold pieces
 28151 | Bazaar   | Bought a scroll of teleportation for 30 gold pieces
 28199 | D:13     | Found a sacrificial altar of Ru.
 29221 | D:14     | Noticed Josephine
 29233 | D:14     | Killed Josephine
 29240 | D:14     | Reached XP level 15. HP: 90/132 MP: 23/27
 29270 | D:14     | Learned a level 4 spell: Ice Form
 30046 | D:15     | Entered Level 15 of the Dungeon
 30340 | D:15     | Found a staircase to the Depths.
 31169 | D:12     | Killed an orc warlord
 31391 | Orc:1    | Found Suotim's Assorted Antiques.
 31486 | Orc:2    | Entered Level 2 of the Orcish Mines
 31491 | Orc:2    | Reached skill level 15 in Dodging
 31562 | Orc:2    | Paralysed by an orc sorcerer for 2 turns
 31578 | Orc:2    | Found a staircase to the Elven Halls.
 32194 | Orc:2    | Found Qewkass's General Store.
 32292 | Orc:2    | Found Otom's Food Boutique.
 32479 | Orc:1    | Found Puffau Fyro's Weapon Shop.
 32484 | Orc:1    | Noticed Maurice
 32992 | Orc:2    | Killed Maurice
 32992 | Orc:2    | Reached skill level 10 in Spellcasting
 33215 | Orc:2    | Reached skill level 13 in Fighting
 33243 | Orc:2    | Reached XP level 16. HP: 125/144 MP: 24/30
 33485 | Orc:2    | Paralysed by an orc sorcerer for 7 turns
 33493 | Orc:2    | Gained mutation: You tend to lose your temper in combat. [a neqoxec]
 33745 | Orc:2    | Found Fuint's Book Emporium.
 33745 | Orc:2    | Found a one-way gate leading to the halls of Pandemonium.
 33745 | Orc:2    | Found Aczass's Antique Armour Shoppe.
 33749 | Orc:2    | Reached skill level 14 in Fighting
 33770 | Orc:2    | Lost mutation: You tend to lose your temper in combat. [potion of mutation]
 33770 | Orc:2    | Gained mutation: Your body sometimes deteriorates upon taking damage. [potion of mutation]
 33770 | Orc:2    | Gained mutation: Your magical capacity is low. (-10% MP) [potion of mutation]
 33770 | Orc:2    | Gained mutation: Your tail ends in a poisonous barb. [potion of mutation]
 33771 | Orc:2    | Lost mutation: Your body sometimes deteriorates upon taking damage. [potion of mutation]
 33771 | Orc:2    | Lost mutation: Your tail ends in a poisonous barb. [potion of mutation]
 33771 | Orc:2    | Lost mutation: Your magical capacity is low. (-10% MP) [potion of mutation]
 33771 | Orc:2    | Gained mutation: Scrolls take you a little longer to read. [potion of mutation]
 33771 | Orc:2    | Gained mutation: You are resistant to hostile enchantments. (MR+) [potion of mutation]
 33771 | Orc:2    | Gained mutation: Your flesh is heat resistant. (rF+) [potion of mutation]
 33771 | Orc:2    | Gained mutation: You are resistant to electric shocks. (rElec) [potion of mutation]
 34039 | Lair:1   | Upgraded the game from 0.20-a0-909-g1a4ba80 to 0.20-a0-910-gb611367
 34171 | Lair:4   | Killed derval's ghost
 35443 | Lair:5   | Reached skill level 1 in Evocations
 35646 | Shoals:1 | Entered Level 1 of the Shoals
 35656 | Shoals:1 | Found a glowing silver altar of Zin.
 36023 | Shoals:1 | Found a frozen archway.
 36110 | IceCv    | Entered an ice cave
 36413 | IceCv    | Reached skill level 5 in Evocations
 36557 | IceCv    | Noticed an Ice Fiend
 36558 | IceCv    | Noticed an Ice Fiend
 36793 | Shoals:2 | Noticed Roxanne
 36805 | Shoals:2 | Killed Roxanne
 36867 | Shoals:2 | Reached skill level 15 in Fighting
 38238 | Shoals:4 | Entered Level 4 of the Shoals
 38305 | Shoals:4 | Found Relomp's Food Shop.
 39738 | Shoals:2 | Reached XP level 17. HP: 130/156 MP: 31/31
 40483 | Orc:2    | Bought a book of Minor Magic for 280 gold pieces
 40486 | Orc:2    | Learned a level 2 spell: Blink
 40693 | Lair:1   | Learned a level 2 spell: Passwall
 41501 | Shoals:3 | Reached skill level 1 in Bows
 42055 | Shoals:4 | Noticed Ilsuiw
 42146 | Shoals:4 | Killed Ilsuiw
 42642 | Shoals:4 | Reached skill level 5 in Bows
 44577 | Shoals:4 | Got a barnacled rune of Zot
 44813 | Shoals:4 | Got a flickering granite ring
 44825 | Shoals:4 | Identified the ring "Noekhuel" {rN+ Stlth+} (You took it off a merfolk javelineer on level 4 of the Shoals)
 44923 | Shoals:4 | Found a runed door.
 44977 | Shoals:4 | Noticed a kraken
 45008 | Shoals:4 | Killed a kraken
 45497 | Shoals:4 | Reached XP level 18. HP: 127/163 MP: 28/32
 46565 | Snake:1  | Entered Level 1 of the Snake Pit
 46596 | Snake:1  | Reached skill level 10 in Bows
 47091 | Snake:1  | Reached skill level 16 in Fighting
 47228 | Snake:1  | Found an ancient bone altar of Kikubaaqudgha.
 47951 | Snake:2  | Upgraded the game from 0.20-a0-910-gb611367 to 0.20-a0-920-gb18bc0f
 49046 | Snake:3  | Found a basalt altar of Yredelemnul.
 49272 | Snake:4  | Entered Level 4 of the Snake Pit
 49787 | Snake:3  | Reached skill level 17 in Fighting
 51368 | Snake:4  | Reached XP level 19. HP: 153/177 MP: 31/33
 52062 | Snake:4  | Reached skill level 18 in Fighting
 53154 | Snake:4  | Got a serpentine rune of Zot
 53636 | Vaults:1 | Entered Level 1 of the Vaults
 53812 | Elf:1    | Entered Level 1 of the Elven Halls
 53839 | Elf:1    | Found a radiant altar of Vehumet.
 53852 | Elf:1    | Reached skill level 19 in Fighting
 54232 | Elf:1    | Identified Cosoisoe's Reference Book on Supportive Attacks
 54750 | Elf:1    | Got a slimy glass ring
 54751 | Elf:1    | Got a jewelled long sword {drain}
 54769 | Elf:1    | Identified the +2 long sword "Dooff" {drain, MR- Str+6} (You took it off a deep elf knight on level 1 of the Elven Halls)
 54771 | Elf:1    | Identified the ring "Livanoerr" {+Inv rElec MR+ Str+4 Int+3} (You took it off a deep elf knight on level 1 of the Elven Halls)
 54953 | Elf:1    | Reached skill level 20 in Fighting
 55720 | Elf:1    | Noticed Louise
 55733 | Elf:1    | Killed Louise
 55986 | Elf:3    | Entered Level 3 of the Elven Halls
 56086 | Elf:2    | Found Ginn's Magic Scroll Boutique.
 56570 | Elf:2    | Found Rungiutwo's Weapon Emporium.
 56879 | Elf:2    | Found a huge runed gate.
 56879 | Elf:2    | Found a huge runed gate.
 56879 | Elf:2    | Found a huge runed gate.
 56881 | Elf:2    | Found a huge runed gate.
 56882 | Elf:2    | Found a huge runed gate.
 57004 | Elf:2    | Reached XP level 20. HP: 158/193 MP: 28/34
 57187 | Elf:2    | Slain by a vampiric glaive

Vault maps used:
D:1:      eino_arrival_water_cross
D:2:      minitemple, uniq_jessica
D:4:      marbit_many_paths
D:5:      first_bread, uniq_blork_the_orc, uniq_prince_ribbit1, uniq_edmund
D:6:      cheibriados_altar_1, minmay_temple_entry_glassed_door,
          uniq_crazy_yiuf_cottage, uniq_duvessa, uniq_sigmund
D:7:      lemuel_doored_altar, uniq_menkaure
D:8:      old_standard_altar, erik_lair_dragon, serial_shops,
          kennysheep_little_box, kennysheep_mini, grunt_ogre_cave,
          lemuel_mausoleum_altar_kikubaaqudgha
D:9:      yredelemnul_altar_generic
D:10:     minmay_misc_feat_columns
D:11:     uniq_fannar, uniq_psyche
D:12:     erik_orc_3, serial_shops, shop_fountains,
          einodemon_armed_red_devil_minivault
D:13:     david_vaults_2, serial_shops, bzr_entry_road, nicolae_ru_awakened_eye
D:14:     uniq_josephine
D:15:     gammafunk_depths_entry_grave, grunt_decor_mini_mirrors
Temple:   minmay_temple_bridge_abc
Lair:2:   elwin_shoals_entry_stream, minmay_snake_entry_guardpost_small
Lair:3:   minmay_stone_trees_small
Lair:4:   minivault_24, uniq_urug
Lair:5:   minmay_slime_entry_pillars, kilobyte_rumbling_trees,
          grunt_megastairs_3, minmay_lair_oklob_chamber
Lair:6:   minmay_lair_end_frog_pond, serial_bayou_shore_a
Shoals:1: portal_ice_cave_entry_dragon, lemuel_oklob_altar
Shoals:2: uniq_roxanne
Shoals:3: st_shoals_ruin
Shoals:4: shoals_end_grunt_ice, shoals_ilsuiw_alternative, serial_shops,
          nicolae_shop_waterfront, lightli_airlock
Snake:1:  basic_altar
Snake:3:  basic_altar
Snake:4:  grunt_snake_rune_pools, grunt_megastairs_4
Orc:1:    serial_shops, nicolae_shop_window_shopping, nicolae_shop_waterfront,
          shop, uniq_maurice
Orc:2:    pf_orc_diabolical, nicolae_orc_jurassic_orc
Elf:1:    eino_elf_arrival_altar, minmay_elf_sorcery, uniq_louise
Elf:2:    serial_glass, glass_columns_a, glass_columns_a, item_on_display_a,
          due_unseen_surprise, minmay_strange_pillars, minmay_strange_pillars,
          serial_shops, nicolae_shop_crystal, minmay_shop_star
Elf:3:    minmay_elf_hall_quartered_circle
Vaults:1: nicolae_vaults_triangles, nicolae_vaults_ninety_degrees,
          v_alt_pattern_2, hangedman_vaults_slice, vaults_dpeg_encased_lava,
          vaults_room_stairs_pillars, ontoclasm_vaults_twist,
          vaults_room_stairs_pillars, ontoclasm_vaults_ring_small,
          vaults_dpeg_doors, vaults_room_fancy_cross, v_misc_22, serial_shops,
          shop
Bazaar:   bazaar_long_row
IceCv:    ice_cave_small_demon

Skill      XL: |  1  2  3  4  5  6  7  8  9 10 11 12 13 14 15 16 17 18 19 20 |
---------------+-------------------------------------------------------------+-----
Unarmed Combat | 4 5 7 8 10 12 15 16 18 | 18.0
Transmutations | 3 8 10 | 10.6
Fighting       | 2 7 10 11 12 13 15 17 20 | 20.0
Dodging        | 3 5 6 7 8 9 10 13 15 16 | 16.0
Spellcasting   | 6 7 8 10 | 10.1
Evocations     | 5 |  5.0
Bows           | 9 10 | 10.3

Action                   |  1- 3 |  4- 6 |  7- 9 | 10-12 | 13-15 | 16-18 | 19-21 || total
-------------------------+-------+-------+-------+-------+-------+-------+-------++-------
Melee: Unarmed           |   132 |   204 |   640 |  1186 |  1623 |  2039 |   750 ||  6574
       Tailslap          |     9 |    27 |    74 |   151 |   257 |   387 |   141 ||  1046
       Kick              |       |    14 |    33 |    75 |       |       |       ||   122
       Punch             |       |     6 |    19 |    53 |   114 |   217 |   107 ||   516
       Headbutt          |       |     1 |     9 |    36 |    50 |   148 |    56 ||   300
 Fire: Shortbow          |       |       |       |       |       |    94 |     5 ||    99
Throw: Javelin           |       |     3 |     4 |     3 |    24 |    16 |       ||    50
 Cast: Beastly Appendage |       |     7 |    23 |    59 |    24 |    51 |    17 ||   181
       Sticks to Snakes  |       |       |     2 |    12 |     9 |    11 |       ||    34
       Blade Hands       |       |       |       |    23 |    77 |    56 |    12 ||   168
       Spider Form       |       |       |       |     1 |       |     1 |       ||     2
       Ice Form          |       |       |       |       |       |    14 |       ||    14
       Passwall          |       |       |       |       |       |     5 |       ||     5
       Blink             |       |       |       |       |       |     1 |       ||     1
Invok: Serpent's Lash    |       |       |       |     1 |     8 |     5 |     2 ||    16
       Heaven On Earth   |       |       |       |       |       |     6 |     1 ||     7
 Abil: Breathe Frost     |       |       |     6 |     1 |     2 |       |       ||     9
       End Transformatio |       |       |       |       |       |     3 |       ||     3
Evoke: Wand              |       |       |       |       |    14 |       |     1 ||    15
       Lightning rod     |       |       |       |       |       |     2 |       ||     2
       Lamp of fire      |       |       |       |       |       |     1 |       ||     1
  Use: Scroll            |       |     4 |     4 |    19 |    12 |     6 |     1 ||    46
       Potion            |       |       |     8 |     6 |     3 |    12 |       ||    29
 Stab: Sleeping          |     1 |     1 |     2 |     4 |     3 |     2 |     3 ||    16
       Distracted        |       |       |       |       |     3 |     3 |     1 ||     7
  Eat: Chunk             |     2 |     7 |    16 |    39 |    55 |    47 |    14 ||   180
       Royal jelly       |       |       |     1 |     2 |     3 |     3 |       ||     9
       Meat ration       |       |       |       |     1 |       |       |     1 ||     2
       Fruit             |       |       |       |     1 |     4 |     8 |       ||    13
       Bread ration      |       |       |       |       |     1 |     4 |     1 ||     6
Armor: Skin              |    29 |    48 |   138 |   235 |   291 |   278 |   100 ||  1119
Dodge: Dodged            |    97 |    95 |   356 |   723 |  1182 |  1766 |   498 ||  4717
